AoeStats
← JesseW

Arena

509366610Analyzed
1v1 RM · 5d ago on Sep 26, 2026· 21m 57s· 2 players
Game mode
Random Map
Map size
Tiny (2 player)
Population
200
Speed
Normal
Resources
Standard
Victory
Conquest
Starting age
Dark Age
Ending age
Imperial Age
RankedLock teamsTeams togetherTeam positionsShared explorationLock speedFull tech treeHidden civsTurbo modeCheats
Victory
Defeat
🇳🇱 Ethiopians · Netherlands
889
+16
🇮🇳 Huns · India
899
-45
JesseW
10:41 Feudal Age
11:59 Loom
14:36 Castle Age
13:15 Stone Mining
13:11 Horse Collar
13:44 Double-Bit Axe
20:03 Scale Mail Armor
21:10 Chain Mail Armor
Taticarcoma
12:57 Feudal Age
11:17 Loom
15:01 Wheelbarrow
14:14 Horse Collar
16:29 Gold Mining
Connection lost

Rejoining the realm…

Still unreachable

The connection could not be restored.

Session expired

The server has moved on; the page needs a fresh start.